 Dungeon Crawl Stone Soup version 0.31-a0-656-gb4d89c20fa (webtiles) character file.

Game seed: 8156098480059599693

893 Maratek the Chopper (level 7, -11/55 HPs)
             Began as a Demonspawn Fighter on Aug 30, 2023.
             Mangled by an ogre
             ... wielding a +0 giant spiked club
              (28 damage)
             ... on level 5 of the Dungeon.
             The game lasted 00:05:08 (5156 turns).

Maratek the Chopper (Demonspawn Fighter)            Turns: 5156, Time: 00:05:09

Health: -11/55     AC:  7    Str: 19    XL:     7   Next: 78%
Magic:  16/16      EV:  9    Int:  9    God:
Gold:   240        SH:  9    Dex: 12    Spells: 6/6 levels left

rFire   + . .        a - +0 war axe
rCold   x . .        c - +0 buckler
rNeg    . . .        b - +0 scale mail
rPois   .            (no helmet)
rElec   .            (no cloak)
rCorr   .            (no gloves)
SInv    .            (no boots)
Will    .....        (no amulet) Stlth
                     p - ring of fire
HPRegen 0.29/turn    u - ring of magical power
MPRegen 0.15/turn

%: no passive effects
@: no status effects
A: spiny 1, condensation shield
a: no special abilities


You were on level 5 of the Dungeon.
You visited 1 branch of the dungeon, and saw 5 of its levels.

You collected 240 gold pieces.

Inventory:

Hand Weapons
 a - a +0 war axe (weapon)
Armour
 b - a +0 scale mail (worn)
 c - a +0 buckler (worn)
Jewellery
 p - a ring of fire (left hand)
 u - a ring of magical power (right hand)
Wands
 s - a wand of iceblast (9)
Scrolls
 e - 3 scrolls of teleportation {unknown}
 g - 5 scrolls of identify {unknown}
 h - a scroll of revelation {unknown}
 j - a scroll of vulnerability {unknown}
 k - a scroll of summoning {unknown}
 r - a scroll of noise {unknown}
 t - a scroll of enchant weapon {unknown}
 w - 2 scrolls of immolation {unknown}
Potions
 d - 2 potions of might
 f - 2 potions of degeneration {unknown}
 i - a potion of berserk rage {unknown}
 l - 2 potions of magic {unknown}
 m - a potion of attraction {unknown}
 n - 2 potions of curing {unknown}
 o - a potion of cancellation {unknown}
 q - a potion of brilliance {unknown}
 v - a potion of lignification {unknown}
 x - a potion of enlightenment {unknown}


   Skills:
 + Level 4.5 Fighting
 + Level 5.2 Axes
 + Level 4.7 Armour
 + Level 1.5 Dodging
 + Level 0.4 Stealth
 + Level 4.3 Shields


You had 6 spell levels left.
You didn't know any spells.
Your spell library contained the following spells:

 Spells                   Type           Power      Damage    Failure   Level
 Ozocubu's Armour         Ice            0%         N/A       99%         3
 Ozocubu's Refrigeration  Ice            0%         4d7       100%        7


Dungeon Overview and Level Annotations

Branches:
Dungeon (5/15)
 Temple: D:4-7

Altars:
Ashenzari
Cheibriados
Hepliaklqana
Makhleb


Innate Abilities, Weirdness & Mutations

You are partially covered in sharp spines.
A meltable shield of frost defends you. (SH +4)


Message History

No target in view!
You start resting.
You feel sick. x7
You are no longer poisoned.
You start resting.
HP restored.
You start waiting.
Done waiting.
Found a stone staircase leading up.
d - 2 potions of might (gained 1)
Found a maw talisman.
Found a sling.
e - 3 scrolls labelled INGEGA YBLIUL (gained 1)
x - a purple potion You see here a maw talisman.
An ogre comes into view. It is wielding a +0 giant spiked club.
The ogre shouts!
The ogre hits you with a +0 giant spiked club!
You hit the ogre but do no damage. The ogre is struck by your spines.
The ogre hits you with a +0 giant spiked club!
You hit the ogre.
The ogre is moderately wounded.
The ogre barely misses you.
You barely miss the ogre.
The ogre is moderately wounded.
You barely miss the ogre.
The ogre is moderately wounded.
The ogre hits you with a +0 giant spiked club!
You are too injured to fight recklessly!
You are too injured to fight recklessly!
You are too injured to fight recklessly!
You completely miss the ogre.
The ogre is moderately wounded.
The ogre hits you with a +0 giant spiked club.
* * * LOW HITPOINT WARNING * * *
You slash the ogre!
The ogre is heavily wounded.
The ogre is struck by your spines.
The ogre hits you with a +0 giant spiked club!!
Ouch! That really hurt!
You die...

........
#..........###
....#... .
#.P..........###
....##.. ..##
#.....#######..#
...## #. ...###
#.P.<.# ###.
....#
......##.....##
#. ..#...
#..........# #.
...###
##...#.....## ##
...#
#...####...##
.... #.@##
##...## . #.O#
##...# #...#
##..## .....#
#%..# .....##
##..# ......#
#...# ######
##..## #...#
##...#


You could see an ogre.

Vanquished Creatures
  2 ogres (D:4)
  3 scorpions
  A howler monkey (D:4)
  3 hounds
  An orc priest (D:3)
  A jelly (D:3)
  2 sleepcaps
  2 iguanas (D:5)
  3 orc wizards
  A gnoll (D:1)
  6 adders
  2 ufetubi
  A worm (D:2)
  4 dart slugs
  10 orcs
  7 bats
  4 endoplasms
  5 giant cockroaches
  9 goblins
  4 hobgoblins
  5 jackals
  3 kobolds
  7 quokkas
  6 ball pythons
  5 frilled lizards
  5 rats
102 creatures vanquished.

Notes
Turn   | Place    | Note
-------+----------+-------------------------------------------
     0 | D:1      | Maratek the Demonspawn Fighter began the quest for the Orb.
     0 | D:1      | Reached XP level 1. HP: 18/18 MP: 1/1
   190 | D:1      | Gained mutation: You are partially covered in sharp spines.
                  | [demonic ancestry]
   190 | D:1      | Reached XP level 2. HP: 20/24 MP: 2/2
   365 | D:1      | Reached skill level 2 in Axes
   640 | D:1      | Gained mutation: A meltable shield of frost defends you.
                  | (SH +4) [demonic ancestry]
   640 | D:1      | Reached XP level 3. HP: 28/29 MP: 3/3
  1300 | D:2      | Reached XP level 4. HP: 15/35 MP: 4/4
  1973 | D:3      | Reached skill level 3 in Axes
  2067 | D:3      | Reached XP level 5. HP: 16/41 MP: 5/5
  2967 | D:3      | Reached skill level 1 in Dodging
  2967 | D:3      | Reached XP level 6. HP: 44/48 MP: 6/6
  3136 | D:4      | Found a burning altar of Makhleb.
  3136 | D:4      | Found a hazy altar of Hepliaklqana.
  3187 | D:4      | Reached skill level 4 in Axes
  3764 | D:4      | Found a broken altar of Ashenzari.
  3776 | D:4      | Reached XP level 7. HP: 50/54 MP: 7/7
  4148 | D:5      | Entered Level 5 of the Dungeon
  4446 | D:5      | Reached skill level 5 in Axes
  4831 | D:5      | Found a snail-covered altar of Cheibriados.
  5156 | D:5      | Mangled by an ogre

Illustrated notes

Levels and vault maps discovered:
D:1:      dpeg_arrival_snail, layout_basic, dreamdust_princess_bridge,
          wander_ebering_terrifying_dragon_lair
D:2:      layout_basic
D:3:      layout_basic
D:4:      layout_loops_ring, lemuel_crystal_altar,
          nicolae_overflow_hidden_temple
D:5:      layout_layer_cave, mainiacjoe_overflow_boulevard

Skill      XL: |  1  2  3  4  5  6  7 |
---------------+----------------------+-----
Shields        | 3 4 |  4.3
Axes           | 2 3 4 5 |  5.2
Armour         | 3 4 |  4.7
Dodging        | 1 |  1.5
Fighting       | 4 |  4.5
Stealth        | |  0.4

Action                     |  1- 3 |  4- 6 |  7- 9 || total
---------------------------+-------+-------+-------++-------
  Melee: War axe           |    78 |   105 |    65 ||   248
 Armour: Scale mail        |    36 |    23 |    11 ||    70
  Dodge: Dodged            |    27 |    34 |    22 ||    83
  Block: Buckler           |    37 |    61 |    25 ||   123

Table legend: (Time is in decaauts)
 A = Elapsed time spent in this place.
 B = Non-inter-level travel time spent in this place.
 C = Inter-level travel time spent in this place.
 D = Time resting spent in this place.
 E = Time spent auto-exploring this place.
 F = Levels seen in this place.
 G = Mean time per level.
                   A        B        C        D        E       F      G
               +--------+--------+--------+--------+--------+-----+--------+
         Total |   5247 |   5217 |     30 |   1749 |   2816 |   5 | 1049.4 |
       Dungeon |   5247 |   5217 |     30 |   1749 |   2816 |   5 | 1049.4 |
               +--------+--------+--------+--------+--------+-----+--------+

Top non-repeatable levels by time:
     D:3: 1387 daAuts
     D:4: 1373 daAuts
     D:1: 1065 daAuts
     D:2: 745 daAuts
     D:5: 675 daAuts
